Map: [ESL] Data-C

Players

HeroMarine

  • Race: Terran Terran
  • Spawn Location: 9:00

LiquidElazer (Elazer) - Winner!

  • Race: Zerg Zerg
  • League: Master
  • Spawn Location: 3:00

VOD

Have the link to the VOD?

Description

Time

  • Played on: Nov. 3, 2022, 1 p.m.
  • Length: 12:25
Show
View Real Time Build Order
Export as new Build Order

HeroMarine Terran 

Build Orders: Command Center First (CC) 

Get SALT Encoding   

  12  0:00  SCV  
  13  0:12  SCV  
  14  0:17  Supply Depot  
  14  0:24  SCV  
  15  0:38  SCV  
  16  0:51  SCV  
  17  0:59  Command Center  
  17  1:03  SCV  
  18  1:12  Barracks  
  18  1:15  SCV  
  19  1:20  Refinery  
  19  1:27  SCV  
  19  1:30  Refinery  
  20  1:39  SCV  
  21  1:52  SCV  
  22  1:59  Marine  
  23  2:04  Orbital Command  
  23  2:10  Factory  
  23  2:14  Orbital Command  
  23  2:18  Barracks Reactor  
  23  2:29  SCV  
  24  2:39  SCV  
  24  2:42  SCV  
  26  2:52  Supply Depot, SCV  
  26  2:54  SCV  
  26  2:56  Starport  
  28  3:00  Hellion x2  
  28  3:01  Barracks Tech Lab  
  28  3:04  SCV  
  33  3:06  SCV  
  34  3:16  SCV  
  34  3:17  Supply Depot  
  34  3:18  SCV  
  36  3:21  Hellion  
  36  3:22  Hellion, Marine  
  41  3:28  SCV  
  41  3:30  SCV  
  43  3:34  Fusion Core  
  43  3:37  Viking  
  45  3:41  SCV  
  45  3:43  SCV  
  47  3:53  SCV  
  48  3:55  SCV  
  48  3:56  Supply Depot  
  49  4:05  SCV  
  49  4:08  SCV  
  51  4:11  Command Center  
  51  4:17  SCV  
  51  4:20  SCV  
  53  4:24  Barracks Tech Lab  
  53  4:26  Battlecruiser  
  53  4:30  Factory Reactor  
  59  4:33  Barracks  
  59  4:35  SCV x2  
  59  4:36  Barracks  
  61  4:40  Supply Depot  
  61  4:41  Supply Depot  
  61  4:47  SCV  
  61  4:49  Stimpack  
  62  4:53  Engineering Bay  
  62  4:55  Engineering Bay  
  62  4:57  Refinery  
  62  4:59  Refinery  
  62  5:01  SCV x2, Marine  
  65  5:13  SCV x2  
  67  5:19  Marine  
  68  5:23  Marine x2  
  68  5:25  SCV x2, Terran Infantry Armor Level 1, Terran Infantry Weapons Level 1  
  68  5:28  Barracks, Orbital Command  
  72  5:29  Barracks  
  72  5:31  Marine x2  
  74  5:37  Marine  
  74  5:38  SCV x2  
  74  5:41  Marine x2, Starport Reactor  
  79  5:49  Siege Tank  
  82  5:50  SCV x2  
  82  5:53  Orbital Command  
  84  5:57  Marine x2  
  84  5:58  Marine  
  84  5:59  Marine  
  84  6:03  SCV x2  
  90  6:05  Supply Depot  
  90  6:06  Supply Depot  
  90  6:07  Supply Depot  
  90  6:15  SCV x2  
  90  6:18  Marine  
  92  6:20  Barracks Reactor x2  
  92  6:22  Refinery  
  93  6:26  Marine  
  93  6:27  SCV x3, Marine x2  
  93  6:29  Combat Shield  
  93  6:30  Medivac  
  93  6:31  Medivac  
  102  6:39  SCV x3  
  105  6:40  Supply Depot, Marine x2  
  107  6:47  Armory  
  107  6:49  Marine x2  
  107  6:51  SCV x2  
  107  6:52  SCV  
  110  7:01  Barracks, Medivac  
  110  7:02  Supply Depot, Barracks, Medivac  
  110  7:03  Supply Depot, Barracks, SCV x2  
  110  7:04  SCV  
  110  7:07  Marine x2  
  110  7:08  Marine x2  
  122  7:16  Marine  
  122  7:21  Siege Tank, Marine x4  
  132  7:24  Armory  
  132  7:26  Supply Depot  
  132  7:27  Marine  
  130  7:30  Marine x3  
  130  7:31  Supply Depot  
  130  7:37  Medivac x2  
  135  7:39  Marine x2  
  139  7:50  Marine x6  
  136  7:51  Barracks Reactor x3  
  136  7:52  Marine  
  136  7:54  Siege Tank  
  136  7:56  Supply Depot  
  136  7:57  Marine  
  138  8:03  Marine  
  139  8:08  Marine x6  
  133  8:13  Missile Turret  
  133  8:15  Missile Turret  
  133  8:17  Barracks Reactor, Marine x2  
  135  8:21  Medivac, Marine  
  135  8:25  Medivac  
  135  8:26  Siege Tank, Marine x2  
  140  8:27  Terran Infantry Weapons Level 2  
  140  8:28  Marine x2  
  140  8:30  Marine  
  140  8:34  Missile Turret, Marine x2  
  143  8:35  Marine  
  143  8:36  Marine  
  143  8:37  Marine  
  143  8:38  Marine  
  143  8:39  Marine  
  143  8:40  Marine  
  151  8:43  Marine  
  151  8:44  Marine  
  151  8:46  Marine  
  151  8:48  Marine  
  155  8:49  Marine  
  155  8:52  Supply Depot, Marine x2  
  155  8:53  Terran Infantry Armor Level 2, Marine  
  155  8:54  Marine  
  160  8:58  Marine x2  
  160  8:59  Marine  
  163  9:06  Marine x3  
  163  9:08  Marine x2  
  168  9:13  Marine x2  
  168  9:14  Marine x3  
  168  9:16  Supply Depot, Marine x5  
  178  9:18  Supply Depot  
  178  9:19  Refinery  
  178  9:24  Marine x2  
  177  9:27  Marine x2  
  180  9:36  Sensor Tower  
  180  9:37  Marine x5  
  180  9:38  Medivac x2  
  189  9:39  Supply Depot, Marine x3  
  179  9:48  Marine x7  
  142  9:55  Marine x5  
  142  9:56  Marine x2  
  142  9:57  Marine  
  135  10:05  Marine  
  135  10:06  Marine x3  
  137  10:07  Medivac x2  
  137  10:08  Siege Tank  
  137  10:11  Marine x2  
  137  10:12  Marine  
  137  10:13  Marine  
  149  10:16  Marine x3  
  149  10:19  Marine x2  
  154  10:23  Marine  
  154  10:24  Marine  
  155  10:29  Factory  
  155  10:30  Marine x6  
  130  10:43  Marine x9  
  130  10:48  Marine x4  
  136  10:53  Marine  
  136  10:54  Marine  
  117  11:00  Marine  
  117  11:01  Marine x8  
  117  11:03  Missile Turret  
  126  11:06  Marine x4  
  129  11:11  Siege Tank, Marine x2  
  129  11:12  Medivac  
  129  11:13  Factory Tech Lab  
  129  11:15  Medivac  
  138  11:18  Marine x2  
  138  11:19  Marine x3  
  138  11:20  Marine  
  138  11:23  Marine x3  
  138  11:24  Marine  
  148  11:26  Marine x2  
  148  11:28  Marine  
  148  11:29  Marine  
  152  11:33  Siege Tank  
  143  11:43  Siege Tank, Marine  
  147  11:47  Medivac  
  147  11:48  Medivac  
  147  11:51  Marine  
  147  11:52  Marine  
  147  11:53  Marine x3  
Show
View Real Time Build Order
Export as new Build Order

LiquidElazer Zerg - Winner!

Build Orders: Hatch First 

Get SALT Encoding   

  12  0:00  Drone  
  13  0:11  Overlord  
  13  0:16  Drone  
  14  0:30  Drone x2  
  16  0:48  Hatchery  
  15  0:50  Drone  
  15  0:54  Drone  
  17  0:57  Drone  
  18  1:08  Extractor  
  17  1:12  Spawning Pool  
  17  1:16  Drone  
  17  1:21  Drone  
  18  1:27  Drone  
  19  1:38  Drone  
  20  1:48  Drone  
  21  2:00  Queen x2  
  25  2:05  Drone  
  25  2:06  Drone  
  27  2:10  Drone  
  27  2:11  Overlord  
  27  2:12  Metabolic Boost  
  28  2:28  Hatchery  
  27  2:30  Drone  
  27  2:31  Drone  
  27  2:33  Drone  
  30  2:40  Queen  
  30  2:43  Drone  
  33  2:47  Overlord  
  33  2:49  Drone  
  34  2:53  Drone  
  34  2:57  Drone  
  36  3:04  Overlord  
  36  3:05  Drone  
  37  3:07  Drone x3  
  37  3:11  Queen  
  42  3:16  Queen  
  44  3:22  Drone  
  44  3:24  Zergling x2  
  46  3:33  Zergling x2  
  46  3:34  Zergling x2  
  48  3:36  Overlord  
  48  3:40  Drone x4  
  52  3:41  Queen  
  52  3:44  Drone  
  52  3:47  Queen  
  57  3:49  Drone  
  57  3:53  Overlord  
  58  4:03  Drone x6  
  58  4:05  Overlord  
  64  4:12  Overlord  
  64  4:14  Drone x4  
  68  4:18  Queen  
  68  4:22  Overlord  
  70  4:24  Drone x3  
  70  4:27  Queen  
  70  4:29  Drone x2  
  76  4:38  Zergling x8, Baneling Nest  
  79  4:47  Extractor  
  79  4:48  Lair, Overlord  
  79  4:50  Zergling x10  
  83  4:59  Drone x4  
  87  5:01  Drone x2  
  87  5:04  Hatchery  
  88  5:09  Drone x3  
  88  5:10  Drone  
  92  5:15  Spore Crawler  
  92  5:16  Spore Crawler  
  92  5:18  Extractor  
  92  5:19  Spore Crawler, Overlord  
  88  5:22  Drone x2  
  88  5:24  Extractor  
  88  5:28  Overlord  
  89  5:30  Drone x4  
  89  5:33  Overlord  
  93  5:42  Queen x2  
  95  5:46  Drone x7, Overlord  
  95  5:48  Drone  
  102  5:55  Drone x2  
  102  5:56  Extractor  
  100  5:58  Drone x3  
  100  6:00  Drone x4, Centrifugal Hooks  
  107  6:06  Spire  
  107  6:07  Extractor  
  107  6:10  Drone x2  
  107  6:20  Overlord  
  107  6:24  Drone x4  
  110  6:31  Overlord  
  107  6:33  Zergling x14  
  107  6:34  Evolution Chamber x2  
  107  6:37  Overlord  
  111  6:42  Zergling x6  
  112  6:53  Zergling x8  
  115  6:58  Zergling x12  
  115  7:00  Zerg Ground Armor Level 1, Zerg Melee Weapons Level 1  
  120  7:05  Zergling x8  
  124  7:10  Zergling x6  
  124  7:11  Overlord  
  124  7:12  Zergling x8, Hatchery  
  130  7:23  Mutalisk x2  
  130  7:24  Mutalisk x2  
  130  7:28  Mutalisk x4  
  130  7:29  Mutalisk  
  146  7:30  Mutalisk  
  146  7:31  Baneling x6  
  146  7:35  Baneling x3  
  146  7:36  Zergling x8  
  154  7:41  Zergling x2  
  154  7:42  Zergling x14  
  162  7:47  Zergling x4  
  162  7:50  Hatchery  
  154  7:51  Zergling x2  
  154  7:57  Zerg Flyer Weapons Level 1, Overlord  
  153  8:01  Zergling x2  
  153  8:02  Zergling x14  
  160  8:12  Overlord  
  155  8:17  Drone x9  
  164  8:20  Extractor x2  
  162  8:30  Drone x5  
  162  8:31  Drone, Overlord  
  168  8:35  Overseer, Pneumatized Carapace, Baneling x4  
  168  8:36  Mutalisk x6  
  168  8:40  Overlord  
  180  8:43  Drone x6  
  186  8:50  Hatchery, Burrow  
  186  8:53  Baneling x5  
  185  8:57  Zergling x20  
  195  9:05  Baneling x7  
  195  9:07  Zergling x10  
  198  9:25  Zerg Melee Weapons Level 2, Zerg Ground Armor Level 2  
  196  9:34  Zergling x16  
  185  9:47  Zergling x46  
  178  9:54  Mutalisk x2  
  178  9:58  Mutalisk x8  
  195  10:05  Zergling x18  
  196  10:09  Baneling x9  
  196  10:11  Baneling x2  
  196  10:14  Zergling x6  
  196  10:20  Overlord  
  199  10:26  Baneling x6  
  199  10:27  Baneling x7  
  194  10:36  Zergling x2  
  194  10:37  Zergling x16  
  187  10:44  Zergling x2  
  187  10:45  Zergling x24  
  200  10:52  Zergling x6  
  200  10:53  Zergling x4  
  198  11:02  Zergling x2  
  198  11:03  Zergling x8  
  200  11:07  Infestation Pit  
  199  11:13  Drone  
  200  11:19  Spore Crawler, Spine Crawler  
  200  11:21  Spore Crawler, Spine Crawler  
  200  11:22  Baneling, Spine Crawler  
  200  11:23  Baneling x16  
  194  11:28  Drone  
  194  11:29  Drone x5  
  193  11:40  Zergling x12, Hatchery  
  193  11:42  Overseer  
  193  11:44  Baneling x27  
Tags
 
Add a new tag
Caveats
  • Supply blocks, unpowered buildings, or Contaminate may cause inaccurate times.
  • Supply counts are checked every 10 seconds.